 Dungeon Crawl Stone Soup version 0.26.1-2-gb8aa6d0 (webtiles) character file.

Game seed: 8478084880412373863

14389 Nithhogg the Cleaver (level 12, -10/99 HPs)
             Began as a Barachi Fighter on Mar 31, 2021.
             Was a Priest of the Shining One.
             Mangled by Snorg (12 damage)
             ... on level 12 of the Dungeon.
             The game lasted 00:35:02 (14643 turns).

Nithhogg the Cleaver (Barachi Fighter)             Turns: 14643, Time: 00:35:02

Health: -10/99     AC: 11    Str: 23    XL:     12   Next: 16%
Magic:  12/12      EV: 21    Int:  8    God:    the Shining One [***...]
Gold:   837        SH:  0    Dex: 12    Spells: 11/11 levels left

rFire    + + +     SeeInvis .   D - +8 lance "Wyrmbane" {slay drac, rPois rF+ rC+ AC+3}
rCold    + + .     Faith    .   (no shield)
rNeg     + . .     Spirit   .   q - +1 leather armour {rF+}
rPois    +         Reflect  .   e - +0 helmet
rElec    .         Harm     .   Q - scarf {rC+ rF+}
rCorr    .         Rampage  .   (no gloves)
Will     .....                  m - +0 pair of boots
Stlth    +.........             (no amulet)
HPRegen  0.26/turn              p - +4 ring of evasion
MPRegen  0.13/turn              W - ring of poison resistance

@: can't hop, glowing, slow
A: +LOS, swims, slowness 1, strong legs 1
a: Hop, Renounce Religion, Divine Shield


You were on level 12 of the Dungeon.
You worshipped the Shining One.
The Shining One was most pleased with you.
You visited 2 branches of the dungeon, and saw 13 of its levels.
You also visited: Ossuary.

You collected 837 gold pieces.

Inventory:

Hand Weapons
 D - the +8 lance "Wyrmbane" (weapon) {slay drac, rPois rF+ rC+ AC+3}
   (You took it off a centaur on level 10 of the Dungeon)

   It affects your AC (+3).
   It protects you from fire.
   It protects you from cold.
   It protects you from poison.
 H - a +2 vorpal flail
 Y - the +2 shortbow "Quxicw" {vorpal, +Blink}
   (You found it on level 12 of the Dungeon)

   Any arrow fired from it inflicts extra damage.
   It lets you blink.
Armour
 c - a +0 kite shield
 e - a +0 helmet (worn)
 m - a +0 pair of boots (worn)
 o - a +0 cloak
 q - a +1 leather armour of fire resistance (worn)
 z - a +2 leather armour of cold resistance
 O - a +0 troll leather armour
 Q - a scarf of resistance (worn)
 X - the cursed +0 scale mail of Integrity {rPois Will- rCorr Slay+3, unknown}
   (You found it on level 12 of the Dungeon)

   It affects your accuracy and damage with ranged weapons and melee attacks
   (+3).
   It protects you from poison.
   It affects your willpower, your defense against some magical effects.
   It provides partial protection from all sources of acid and corrosion.
   It has a curse placed upon it.
Jewellery
 p - a +4 ring of evasion (left hand)
 B - an uncursed amulet of guardian spirit
 K - an uncursed ring of flight
 R - a +6 ring of intelligence
 W - a ring of poison resistance (right hand)
Wands
 u - a wand of iceblast (1)
 A - a wand of flame (18) (quivered)
 G - a wand of digging (7)
 N - a wand of disintegration (3)
Scrolls
 f - 4 scrolls of remove curse
 g - 6 scrolls of magic mapping
 i - 4 scrolls of identify
 n - 6 scrolls of teleportation
 r - 3 scrolls of enchant weapon
 s - a scroll of blinking
 t - 4 scrolls of amnesia
 I - 2 scrolls of holy word
 J - a scroll of acquirement
 L - 3 scrolls of immolation
 P - a scroll of enchant armour
Potions
 d - 5 potions of might
 h - 5 potions of flight
 k - 2 potions of mutation
 l - 2 potions of haste
 v - 3 potions of lignification
 w - a potion of ambrosia
 x - 2 potions of brilliance
 C - 2 potions of attraction
 E - a potion of magic
 F - a potion of degeneration
Miscellaneous
 M - a lightning rod (3/4)
 T - a phantom mirror
 U - a phial of floods
 Z - a tin of tremorstones (2/2)


   Skills:
 + Level 10.8 Fighting
 - Level 10.9(11.0) Axes
 * Level 2.4(6.8) Polearms
 + Level 10.9 Armour
 + Level 9.3 Dodging
 - Level 3.2 Shields
 + Level 7.9 Evocations


You had 11 spell levels left.
You didn't know any spells.
Your spell library contained the following spells:

 Spells                   Type           Power        Failure   Level
 Magic Dart               Conj           0%           43%         1
 Summon Small Mammal      Summ           0%           43%         1
 Blink                    Tloc           N/A          58%         2
 Call Imp                 Summ           0%           58%         2
 Slow                     Hex            0%           58%         2
 Call Canine Familiar     Summ           0%           82%         3
 Conjure Flame            Conj/Fire      0%           82%         3
 Gell's Gravitas          Tloc           0%           82%         3
 Mephitic Cloud           Conj/Pois/Air  0%           82%         3
 Summon Guardian Golem    Hex/Summ       0%           82%         3
 Iskenderun's Mystic Bla  Conj/Tloc      0%           99%         4
 Summon Ice Beast         Ice/Summ       0%           99%         4
 Summon Lightning Spire   Summ/Air       0%           99%         4
 Summon Forest            Summ/Tloc      0%           100%        5
 Dispersal                Tloc           0%           100%        6


Dungeon Overview and Level Annotations

Branches:
Dungeon (12/15)            Temple (1/1) D:6            Lair (0/6) D:10
Ossuary (visited)
    Orc: D:9-12

Altars:
Ashenzari
Cheibriados
Dithmenos
Elyvilon
Fedhas
Gozag
Hepliaklqana
Kikubaaqudgha
Makhleb
Nemelex Xobeh
Okawaru
Qazlal
Ru
Sif Muna
Trog
Uskayaw
Vehumet
Wu Jian
Xom
Yredelemnul
Zin
The Shining One

Annotations:
D:12 Maurice, Snorg


Innate Abilities, Weirdness & Mutations

You can be seen from farther away. (+LOS)
You can swim through water.
You cover ground slowly.
You can hop short distances.


Message History

Press: ? - help, Q - select action, (/) - cycle Shift-Dir - straight line, f - Snorg
Aim: Snorg (sparse dust, moderately wounded, berserk, haloed, 17% to evade)
The puff of flame hits Snorg!
Snorg is heavily wounded.
Aiming: Throw Flame
Press: ? - help, Q - select action, (/) - cycle Shift-Dir - straight line, f/p - Snorg
Aim: Snorg (heavily wounded, berserk, haloed, 17% to evade)
The puff of flame hits Snorg!
Snorg is heavily wounded.
Aiming: Throw Flame
Press: ? - help, Q - select action, (/) - cycle Shift-Dir - straight line, f/p - Snorg
Aim: Snorg (heavily wounded, berserk, haloed, 17% to evade)
The puff of flame hits Snorg.
Snorg is heavily wounded.
Snorg bites you!!
* * * LOW HITPOINT WARNING * * *
Snorg misses you. Snorg closely misses you. Snorg bites you!
* * * LOW HITPOINT WARNING * * *
Snorg claws you!
You die...

○☼#### #..###
°.# ###.######
○°# #........#
○°#
###........#
☼°####
#.'..).....#
°.○§§#
.....#........#
.○####
######........#
..# #..).....#
°°# #.@......#
°'# #.T......#
°.# ##'#######
[.# #.### .|#
#..)# ###
###).# #'# ...
..'


You could see Snorg (berserk).

Vanquished Creatures
  Harold (D:10)
  A boulder beetle (D:10)
  A centaur warrior (D:10)
  An unseen horror (D:12)
  An ugly thing (D:10)
  A cyclops (D:10)
  2 centaur zombies
  Psyche (D:11)
  2 gargoyles
  A tengu conjurer (D:10)
  2 trolls (D:9)
  Sigmund (D:7)
  A shadow (D:12)
  6 yaks
  Eustachio (D:6)
  2 wyverns (D:10)
  A wraith (D:10)
  3 basilisks (D:10)
  A vampire mosquito (D:10)
  A soldier ant (D:7)
  Edmund (D:7)
  4 water moccasins
  4 sky beasts
  2 ice beasts
  6 orc warriors
  3 black bears
  3 ogres
  3 phantoms
  A necrophage (D:11)
  11 centaurs
  3 bullfrogs
  3 big kobolds
  A gnoll sergeant (D:6)
  A water moccasin zombie (D:11)
  2 scorpions
  11 killer bees
  4 electric eels (D:9)
  6 howler monkeys
  A bullfrog zombie (D:10)
  A quasit (D:4)
  5 hounds
  3 jellies
  9 orc wizards
  3 orc priests
  3 centaur skeletons
  4 bullfrog skeletons
  8 iguanas
  6 worker ants
  A hound zombie (D:5)
  A hound skeleton (D:5)
  8 mummies (Ossuary)
  A worker ant zombie (D:9)
  8 adders
  3 gnolls (D:6)
  4 white imps
  An ooze (D:6)
  An adder zombie (D:9)
  3 worms
  2 dart slugs
  3 leopard geckos
  51 orcs
  7 giant cockroaches
  A gnoll zombie (Ossuary)
  12 goblins
  9 hobgoblins
  21 jackals
  18 kobolds
  A quokka (D:7)
  2 ball pythons
  9 bats
  5 frilled lizards
  5 kobold zombies (Ossuary)
  A leopard gecko skeleton (D:4)
  2 orc zombies (Ossuary)
  A quokka zombie (D:7)
  10 rats
334 creatures vanquished.

Vanquished Creatures (others)
  An orc warrior (D:12)
  2 orcs (D:12)
  2 fungi (D:10)
  18 plants
23 creatures vanquished.

Grand Total: 357 creatures vanquished

Notes
Turn   | Place    | Note
-------+----------+-------------------------------------------
     0 | D:1      | Nithhogg the Barachi Fighter began the quest for the Orb.
     0 | D:1      | Reached XP level 1. HP: 18/18 MP: 1/1
    27 | D:1      | Reached XP level 2. HP: 15/25 MP: 2/2
    46 | D:1      | You fall into a shaft and drop 1 floor!
   421 | D:1      | Reached skill level 1 in Dodging
   494 | D:1      | Reached XP level 3. HP: 30/30 MP: 3/3
  1166 | D:2      | Reached XP level 4. HP: 36/37 MP: 4/4
  1483 | D:2      | Found an ornate altar of the Wu Jian Council.
  1809 | D:2      | Found a hide-covered altar of Uskayaw.
  2079 | D:3      | Reached XP level 5. HP: 38/43 MP: 5/5
  2453 | D:4      | Noticed a water moccasin
  2462 | D:4      | Killed a water moccasin
  2463 | D:4      | Reached XP level 6. HP: 48/50 MP: 6/6
  2683 | D:4      | Noticed a phantom
  2712 | D:4      | Killed a phantom
  2713 | D:4      | Reached skill level 5 in Fighting
  2713 | D:4      | Reached skill level 5 in Axes
  2713 | D:4      | Reached skill level 5 in Armour
  3106 | D:4      | Reached XP level 7. HP: 24/56 MP: 7/7
  3907 | D:5      | Entered Level 5 of the Dungeon
  4359 | D:5      | Reached XP level 8. HP: 17/64 MP: 8/8
  5178 | D:5      | Found a sparkling altar of Nemelex Xobeh.
  5344 | D:6      | Found a shimmering blue altar of Sif Muna.
  6412 | D:6      | Reached skill level 5 in Dodging
  6435 | D:6      | Found a staircase to the Ecumenical Temple.
  6453 | Temple   | Entered the Ecumenical Temple
  6853 | Temple   | Became a worshipper of the Shining One
  6937 | D:6      | Noticed Eustachio
  6956 | D:6      | Killed Eustachio
  6957 | D:6      | Reached skill level 1 in Evocations
  6957 | D:6      | Reached XP level 9. HP: 64/72 MP: 9/9
  7088 | D:6      | Found a stormy altar of Qazlal.
  7148 | D:7      | Found a sand-covered staircase.
  7225 | Ossuary  | Entered an ossuary
  7238 | Ossuary  | Reached * piety under the Shining One
  7670 | D:7      | Noticed Sigmund
  7679 | D:7      | Killed Sigmund
  7734 | D:7      | Noticed Edmund
  7741 | D:7      | Killed Edmund
  7936 | D:7      | Reached ** piety under the Shining One
  8399 | D:7      | Found a snail-covered altar of Cheibriados.
  8801 | D:8      | Identified a scroll of acquirement
  8834 | D:8      | Reached XP level 10. HP: 80/80 MP: 10/10
  8934 | D:8      | Found a shimmering altar of Xom.
  8958 | D:8      | Found a hide-covered altar of Uskayaw.
  9027 | D:8      | Found a bloodstained altar of Trog.
 10452 | D:9      | Reached skill level 5 in Evocations
 10771 | D:9      | HP: 2/83 [troll (6)]
 11139 | D:9      | Found a white marble altar of Elyvilon.
 11251 | D:10     | Entered Level 10 of the Dungeon
 11501 | D:10     | HP: 3/83 [yak (6)]
 11502 | D:10     | Found a shadowy altar of Dithmenos.
 11750 | D:10     | Noticed a gargoyle
 11752 | D:10     | Killed a gargoyle
 11752 | D:10     | Noticed a cyclops
 11753 | D:10     | Reached skill level 10 in Axes
 11753 | D:10     | Reached XP level 11. HP: 60/89 MP: 11/11
 11756 | D:10     | Killed a cyclops
 11810 | D:10     | Reached *** piety under the Shining One
 12000 | D:10     | Noticed a boulder beetle
 12024 | D:10     | Killed a boulder beetle
 12359 | D:10     | Noticed a centaur warrior
 12374 | D:10     | Killed a centaur warrior
 12375 | D:10     | Reached skill level 10 in Fighting
 12375 | D:10     | Reached skill level 10 in Armour
 12674 | D:10     | Found a staircase to the Lair.
 12833 | D:10     | Noticed a red ugly thing
 12849 | D:10     | Killed a red ugly thing
 13260 | D:11     | Noticed Psyche
 13270 | D:11     | Killed Psyche
 13460 | D:11     | Noticed Harold
 13510 | D:10     | Killed Harold
 13878 | D:11     | You fall into a shaft and drop 1 floor!
 13910 | D:12     | Noticed Maurice
 14246 | D:12     | Reached XP level 12. HP: 98/99 MP: 12/12
 14285 | D:12     | Got a dazzling morningstar
 14288 | D:12     | Identified the Reference Book on the Voyage
 14293 | D:12     | Got a masterwork scale mail
 14296 | D:12     | Got an ancient shortbow
 14314 | D:12     | Identified the cursed +1 morningstar of Disharmony {elec,
                  | rC+ Dex+2} (You found it on level 12 of the Dungeon)
 14317 | D:12     | Identified the +2 shortbow "Quxicw" {vorpal, +Blink} (You
                  | found it on level 12 of the Dungeon)
 14422 | D:12     | Reached skill level 1 in Polearms
 14622 | D:12     | Noticed Snorg
 14643 | D:12     | HP: 2/99 [Snorg (15)]
 14643 | D:12     | Mangled by Snorg

Illustrated notes

Levels and vault maps discovered:
D:1:      dpeg_arrival_simpleton_b, layout_rooms, minmay_bisected
D:2:      layout_basic, lemuel_round_altar, overflow_temple_1_default,
          serial_bayou, serial_bayou_pond_e, serial_bayou_pond_a,
          serial_bayou_pond_c, serial_bayou_ford_a
D:3:      cheibrodos_helix_gallery, layout_rooms
D:4:      layout_loops_corners, kennysheep_generic_room_3
D:5:      layout_cave_pools, general_overflow_altar
D:6:      layout_cave_pools, grunt_qazlal_sundering,
          minmay_temple_entry_nine_rooms, lemuel_altar_in_water, uniq_eustachio
D:7:      layout_loops_corners, nicolae_overflow_crystal_walls,
          nicolae_ossuary_entry_false_entrances, sigmund_edmund_badplayer
D:8:      layout_loops_corners, xom_teletrap_fun, lightli_temple_of_fire,
          basic_altar
D:9:      layout_basic, marbit_many_paths
D:10:     minmay_the_grid_triangle_9x9_recursive_2_mashed
          [minmay_the_grid_triangle_9x9_prize_center,
          minmay_the_grid_triangle_9x9_alien,
          minmay_the_grid_triangle_9x9_flanged_cone,
          minmay_the_grid_triangle_9x9_sprig], layout_irregular_city,
          minmay_lair_entry_grove, nicolae_dithmenos_shadow_blocks
D:11:     layout_rooms, hiddenorc2_lemuel, uniq_gastronok, uniq_psyche,
          uniq_nergalle, uniq_harold
D:12:     layout_roguey [special_room_orc], basic_altar,
          lemuel_flamethrower_hall, uniq_jorgrun, uniq_snorg, uniq_maurice,
          uniq_erolcha
Temple:   eino_temple_water

Skill      XL: |  1  2  3  4  5  6  7  8  9 10 11 12 |
---------------+-------------------------------------+-----
Dodging        | 1 2 3 4 5 6 7 9 |  9.3
Fighting       | 4 5 6 7 8 9 10 | 10.8
Axes           | 3 4 5 6 8 9 10 | 10.9
Armour         | 4 5 6 7 8 9 10 | 10.9
Evocations     | 1 3 5 7 |  7.9
Polearms       | 2 |  2.4
Shields        | |  3.2

Action                   |  1- 3 |  4- 6 |  7- 9 | 10-12 || total
-------------------------+-------+-------+-------+-------++-------
Melee: War axe           |   115 |   186 |   285 |       ||   586
       Flail             |       |       |    93 |   246 ||   339
       Lance             |       |       |       |   253 ||   253
Invok: Divine Shield     |       |       |       |     4 ||     4
 Abil: Hop               |       |       |     2 |     9 ||    11
Evoke: Wand              |       |       |     5 |    38 ||    43
       Lightning rod     |       |       |       |     3 ||     3
  Use: Scroll            |       |     5 |     6 |    17 ||    28
       Potion            |       |       |     4 |    10 ||    14
Armor: Scale mail        |    69 |   102 |   106 |       ||   277
       Chain mail        |       |       |    70 |   198 ||   268
       Leather armour    |       |       |       |    14 ||    14
Dodge: Dodged            |    34 |   120 |   276 |   370 ||   800
Block: Kite shield       |    54 |     1 |       |       ||    55
       Other             |       |       |       |     2 ||     2
